Map: [TLMC15] Glittering Ashes

Players

Clem - Winner!

  • Race: Terran Terran

Trap

  • Race: Protoss Protoss

Event: DreamHack SC2 Masters 2021 Winter

VOD

Have the link to the VOD?

Description

Time

  • Played on: Nov. 13, 2021, 9:20 a.m.
  • Length: 15:00

All games in this series

Show
View Real Time Build Order
Export as new Build Order

Clem Terran - Winner!

Build Orders: Cyclone Opening 

Get SALT Encoding   

  12  0:00  SCV  
  13  0:12  SCV  
  14  0:17  Supply Depot  
  14  0:24  SCV  
  15  0:39  SCV  
  15  0:40  Barracks  
  16  0:46  Refinery  
  16  0:51  SCV  
  16  0:55  Refinery  
  17  1:03  SCV  
  18  1:15  SCV  
  19  1:27  Reaper  
  19  1:28  Orbital Command  
  20  1:35  Supply Depot  
  20  1:41  Engineering Bay  
  20  1:55  Factory  
  20  1:59  SCV  
  21  2:04  Reaper  
  21  2:11  SCV  
  22  2:23  SCV  
  23  2:32  Command Center  
  22  2:39  SCV  
  22  2:40  Factory Tech Lab  
  23  2:45  Starport  
  23  2:51  SCV  
  24  2:58  Cyclone  
  27  3:01  Supply Depot  
  27  3:04  SCV  
  27  3:14  Barracks  
  27  3:17  SCV  
  28  3:26  Starport Tech Lab  
  28  3:33  Cyclone  
  31  3:35  SCV  
  32  3:47  SCV  
  33  3:48  Raven  
  33  3:55  Bunker  
  35  3:59  SCV  
  36  4:02  Marine  
  36  4:05  Marine  
  36  4:06  Orbital Command  
  38  4:11  SCV  
  38  4:14  Siege Tank  
  42  4:22  Supply Depot  
  42  4:23  SCV  
  44  4:29  Barracks Reactor  
  43  4:33  SCV  
  43  4:35  SCV, Barracks  
  45  4:39  Marine  
  45  4:42  Stimpack  
  45  4:45  SCV  
  47  4:48  Engineering Bay  
  47  4:53  Factory Reactor  
  47  4:54  SCV  
  47  4:56  Marine  
  47  4:57  SCV  
  47  4:59  Refinery  
  50  5:01  Viking  
  50  5:06  SCV  
  53  5:09  Marine x2  
  53  5:10  SCV  
  53  5:11  Supply Depot  
  56  5:18  SCV  
  56  5:22  SCV, Marauder, Supply Depot  
  56  5:27  Marine x2  
  61  5:30  SCV  
  61  5:32  Combat Shield  
  61  5:33  Marauder  
  61  5:35  Starport Reactor  
  64  5:37  SCV  
  64  5:40  Supply Depot  
  65  5:43  SCV  
  65  5:45  Refinery  
  65  5:47  Marine x2  
  65  5:49  Marauder  
  70  5:50  SCV  
  70  5:54  Marauder  
  70  5:57  Terran Infantry Weapons Level 1  
  73  5:58  SCV  
  73  6:04  SCV, Supply Depot  
  75  6:05  Marine x2  
  75  6:07  Widow Mine  
  79  6:12  Medivac  
  79  6:16  Supply Depot  
  79  6:18  Marauder  
  83  6:20  Medivac  
  83  6:23  Supply Depot  
  83  6:24  SCV  
  86  6:26  SCV  
  86  6:28  Marauder  
  89  6:36  Marine, Widow Mine x2  
  89  6:37  Marine  
  95  6:40  Supply Depot  
  95  6:41  Marauder  
  97  6:49  Marauder  
  97  6:51  Medivac  
  99  6:58  Medivac  
  99  6:59  Marine x2  
  103  7:02  Command Center  
  103  7:08  Marauder, Supply Depot  
  105  7:12  Widow Mine  
  105  7:13  Widow Mine  
  106  7:16  Marauder  
  106  7:17  SCV  
  106  7:20  Marine  
  106  7:21  Marine  
  111  7:25  Supply Depot  
  111  7:30  Marauder  
  111  7:31  Medivac  
  103  7:38  Marine x2, Widow Mine  
  103  7:39  Widow Mine  
  103  7:41  Marauder  
  104  7:51  Barracks  
  104  7:52  Barracks  
  104  7:53  Marauder  
  106  8:01  Widow Mine x2  
  106  8:02  Marauder  
  112  8:05  Terran Infantry Armor Level 1  
  112  8:07  Marine x2  
  112  8:09  SCV  
  113  8:15  Medivac  
  113  8:16  Marauder  
  109  8:21  Orbital Command  
  109  8:23  Widow Mine  
  109  8:24  Marauder  
  109  8:27  SCV, Marine x2, Widow Mine  
  114  8:31  Concussive Shells  
  113  8:36  Medivac  
  113  8:37  Marine  
  113  8:40  Barracks Tech Lab, Barracks Reactor  
  113  8:44  SCV x2  
  113  8:45  Medivac  
  113  8:47  Marine x2  
  118  8:52  Marauder  
  118  8:53  SCV  
  118  8:55  Widow Mine x2  
  123  8:58  Marauder  
  123  9:01  Marauder  
  123  9:02  SCV  
  126  9:05  SCV  
  126  9:06  Medivac  
  126  9:07  Marine x2  
  131  9:11  Ghost Academy  
  131  9:12  SCV  
  131  9:15  Marine  
  131  9:18  Marine x2  
  131  9:20  Marauder  
  131  9:21  Widow Mine  
  131  9:22  Marine  
  135  9:27  Marine  
  135  9:28  Marine  
  135  9:30  SCV  
  130  9:33  Marine  
  130  9:34  SCV  
  130  9:37  SCV  
  130  9:40  Marine  
  130  9:42  SCV, Widow Mine  
  130  9:44  Ghost  
  127  9:46  SCV  
  127  9:50  Ghost  
  123  9:54  Marine, Medivac  
  123  9:56  Marine, Widow Mine  
  123  9:59  Ghost  
  123  10:06  SCV x2  
  123  10:07  SCV  
  124  10:12  Marine x2  
  124  10:13  Ghost  
  128  10:16  Marine  
  128  10:17  Marine  
  128  10:19  Marauder, Supply Depot  
  130  10:22  Widow Mine  
  134  10:28  SCV, Marauder  
  134  10:29  SCV  
  134  10:30  Marine  
  134  10:32  Marine  
  138  10:36  Marine  
  138  10:40  Marine, Ghost  
  138  10:41  Widow Mine  
  138  10:42  Marine  
  138  10:52  Command Center  
  138  10:53  Refinery  
  138  10:54  Refinery  
  138  10:55  Marine x3  
  137  10:59  Ghost  
  138  11:06  Armory  
  138  11:08  Engineering Bay  
  138  11:12  Marine, Ghost  
  138  11:15  Widow Mine x2  
  145  11:23  Marine x2  
  145  11:24  Marauder, Supply Depot  
  147  11:26  Marine  
  147  11:29  Ghost  
  150  11:33  Viking  
  150  11:35  Viking  
  150  11:36  SCV  
  150  11:39  Marine  
  155  11:40  Marine  
  155  11:44  Ghost  
  156  11:47  Marine x2  
  156  11:51  Marine  
  158  11:55  SCV  
  158  11:58  SCV, Marauder  
  158  12:01  Ghost  
  158  12:06  Marine x2  
  159  12:09  Widow Mine x2  
  159  12:14  Marauder, Marine  
  166  12:16  Marine  
  166  12:17  SCV x3  
  166  12:21  Barracks  
  170  12:23  Barracks  
  170  12:25  Marine x2  
  170  12:29  SCV  
  173  12:30  Hellion  
  173  12:33  Supply Depot x2  
  175  12:37  Marine  
  175  12:42  Marine  
  175  12:45  Liberator, Widow Mine  
  175  12:48  Marine  
  179  12:53  Marauder  
  179  12:55  Medivac  
  179  12:57  Marine x2  
  179  12:59  Marine  
  179  13:01  Marauder  
  179  13:02  Marine  
  179  13:03  Planetary Fortress  
  176  13:08  SCV  
  176  13:10  Marine  
  176  13:11  SCV  
  171  13:14  SCV, Marine  
  171  13:16  Marine  
  170  13:20  SCV, Marine  
  170  13:26  Marine  
  173  13:29  Ghost  
  173  13:30  SCV  
  173  13:33  Marine  
  174  13:35  SCV  
  174  13:39  SCV  
  174  13:41  Widow Mine  
  174  13:42  Medivac  
  174  13:43  Widow Mine  
  174  13:47  SCV x2  
  178  13:49  Medivac  
  178  13:52  Marine x2  
  178  13:53  Marine  
  181  13:59  Marine x2  
  181  14:06  Marauder x2  
  181  14:08  Widow Mine  
  175  14:11  Marine x2  
  175  14:12  Medivac  
  175  14:15  SCV  
  170  14:17  Marauder  
  170  14:20  Marine  
  170  14:21  Marine  
  172  14:24  Widow Mine  
  172  14:25  Viking  
Show
View Real Time Build Order
Export as new Build Order

Trap Protoss 

Build Orders: Oracle Opening, Blink Stalkers 

Get SALT Encoding   

  12  0:00  Probe  
  13  0:12  Probe  
  14  0:18  Pylon  
  14  0:24  Probe (Chrono Boost)  
  15  0:36  Probe (Chrono Boost)  
  15  0:37  Gateway  
  16  0:45  Probe (Chrono Boost)  
  16  0:46  Assimilator  
  17  0:51  Probe  
  18  1:03  Probe  
  19  1:15  Probe  
  20  1:26  Cybernetics Core, Zealot  
  20  1:28  Pylon  
  20  1:29  Probe  
  23  1:33  Assimilator  
  23  1:46  Probe  
  24  1:58  Probe  
  24  2:00  Adept (Chrono Boost)  
  27  2:11  Probe  
  27  2:13  Stargate  
  28  2:23  Adept, Probe  
  28  2:27  Warp Gate  
  31  2:36  Pylon  
  31  2:48  Nexus  
  31  2:54  Probe  
  32  2:59  Oracle (Chrono Boost)  
  34  3:06  Probe  
  35  3:14  Twilight Council  
  35  3:18  Probe  
  36  3:32  Probe (Chrono Boost)  
  37  3:43  Gateway x2  
  37  3:44  Probe (Chrono Boost)  
  38  3:50  Probe (Chrono Boost)  
  38  3:52  Blink (Chrono Boost)  
  39  4:01  Probe (Chrono Boost)  
  41  4:05  Probe (Chrono Boost)  
  42  4:10  Probe (Chrono Boost)  
  42  4:14  Probe (Chrono Boost)  
  42  4:15  Stalker, Probe (Chrono Boost)  
  45  4:24  Probe  
  45  4:27  Probe  
  47  4:36  Probe  
  48  4:39  Stalker x2, Probe  
  48  4:42  Pylon  
  53  4:51  Probe  
  54  4:53  Nexus  
  54  5:04  Probe  
  54  5:05  Assimilator, Probe  
  56  5:09  Stalker x2  
  59  5:15  Stalker  
  59  5:17  Probe  
  62  5:22  Pylon  
  62  5:25  Forge  
  62  5:32  Pylon  
  62  5:40  Probe x2  
  64  5:43  Charge (Chrono Boost)  
  64  5:47  Sentry x3  
  70  5:51  Protoss Ground Weapons Level 1 (Chrono Boost)  
  70  5:53  Pylon  
  70  5:55  Gateway  
  70  5:59  Probe  
  70  6:00  Probe  
  70  6:02  Gateway  
  72  6:06  Probe (Chrono Boost), Gateway  
  73  6:13  Probe (Chrono Boost)  
  73  6:18  Shield Battery, Probe x2 (Chrono Boost)  
  76  6:22  Probe (Chrono Boost)  
  76  6:24  Probe (Chrono Boost)  
  79  6:26  Probe (Chrono Boost), Gateway  
  79  6:27  Probe (Chrono Boost)  
  79  6:31  Gateway  
  80  6:34  Probe  
  80  6:37  Probe  
  80  6:39  Probe  
  83  6:41  Stalker x2  
  85  6:47  Zealot  
  84  6:55  Zealot  
  84  6:56  Probe x3  
  84  7:00  Pylon  
  89  7:03  Zealot x2  
  89  7:06  Zealot  
  95  7:08  Phoenix  
  95  7:16  Zealot x2  
  95  7:17  Zealot  
  101  7:25  Zealot x3  
  102  7:32  Zealot  
  90  7:40  Stalker x3  
  90  7:41  Probe x2  
  90  7:42  Probe  
  93  7:53  Zealot x4  
  93  7:55  Probe x2  
  93  7:56  Assimilator x2  
  103  7:59  Pylon  
  103  8:07  Zealot x2  
  99  8:18  Zealot x5  
  97  8:20  Protoss Ground Armor Level 1 (Chrono Boost)  
  91  8:33  Shield Battery, Zealot x2  
  91  8:39  Zealot x5  
  97  8:43  Templar Archives  
  97  8:44  Probe x3  
  98  8:58  Gateway  
  98  8:59  Zealot x2  
  98  9:00  Zealot x3  
  108  9:05  Zealot  
  108  9:06  Zealot  
  108  9:09  Robotics Facility  
  112  9:15  Probe x3  
  115  9:21  Sentry x2  
  117  9:24  Pylon  
  117  9:27  Pylon  
  117  9:31  High Templar x3  
  113  9:33  Psionic Storm, High Templar  
  113  9:36  Archon  
  113  9:38  Archon  
  111  9:41  Zealot  
  101  9:45  Zealot x2  
  101  9:46  Gateway  
  101  9:48  Gateway  
  101  9:55  Probe x3  
  101  9:57  Warp Prism (Chrono Boost)  
  96  10:09  Photon Cannon  
  96  10:10  High Templar x2  
  96  10:11  Zealot x5  
  110  10:17  Photon Cannon  
  110  10:23  High Templar  
  110  10:28  Immortal (Chrono Boost)  
  110  10:44  Zealot x2  
  110  10:45  Zealot x5  
  122  10:58  Immortal (Chrono Boost)  
  118  11:08  Robotics Facility  
  118  11:10  Photon Cannon  
  118  11:12  Robotics Bay  
  118  11:14  High Templar  
  118  11:16  Nexus  
  120  11:21  Pylon  
  120  11:27  Immortal (Chrono Boost)  
  122  11:37  Zealot x2  
  124  11:40  Protoss Ground Armor Level 2  
  124  11:41  Pylon  
  124  11:42  Pylon  
  116  11:49  Zealot x4  
  116  11:50  Zealot  
  126  12:01  Immortal (Chrono Boost)  
  122  12:11  Colossus (Chrono Boost)  
  122  12:15  Extended Thermal Lance  
  128  12:17  Probe  
  128  12:18  Probe x2  
  128  12:21  Pylon  
  128  12:22  High Templar  
  137  12:31  Zealot x3  
  137  12:32  Zealot x3  
  137  12:36  Colossus (Chrono Boost)  
  136  12:44  Photon Cannon  
  136  12:48  Colossus (Chrono Boost)  
  134  12:56  Zealot x3  
  133  13:01  Zealot x3  
  129  13:06  Photon Cannon  
  129  13:10  Zealot  
  116  13:16  Warp Prism (Chrono Boost)  
  112  13:23  High Templar x2  
  112  13:24  High Templar, Zealot x2  
  111  13:38  Archon  
  106  13:42  Stalker x2  
  106  13:46  Stalker  
  106  13:47  Stalker  
  98  13:52  Disruptor (Chrono Boost)  
  94  13:56  Archon  
  84  14:05  Zealot x2  
  83  14:15  Zealot x2  
  83  14:25  High Templar  

Tags
 
Add a new tag
Caveats
  • Supply blocks, unpowered buildings, or Contaminate may cause inaccurate times.
  • Supply counts are checked every 10 seconds.